 Dungeon Crawl Stone Soup version 0.31-a0-360-gb3e1d13bf4 (webtiles) character file.

Game seed: 15573778989872697654

67 LeprechaunX the Ruffian (level 4, -8/29 HPs)
             Began as an Octopode Shapeshifter on July 26, 2023.
             Engulfed by a cloud of flame (13 damage)
             ... on level 2 of the Dungeon.
             The game lasted 00:01:28 (1853 turns).

LeprechaunX the Ruffian (Octopode Shapeshifter)     Turns: 1853, Time: 00:01:28

Health: -8/29      AC:  1    Str: 16    XL:     4   Next: 18%
Magic:  4/4        EV: 13    Int: 10    God:
Gold:   152        SH:  0    Dex: 12    Spells: 3/3 levels left

rFire   + .          .
                       - Unarmed
rCold   . . .        (no shield)
rNeg    . . .        (helmet currently unavailable)
rPois   .            (no amulet)
rElec   .            f - ring of protection from cold
rCorr   .            d - ring of fire
SInv    .            (no ring)
Will    .....        (no ring)
Stlth   ++           (no ring)
HPRegen 0.24/turn    (no ring)
MPRegen 0.09/turn    (no ring)
                     (no ring)

%: no passive effects
@: beast-form
A: beast (slay +2), almost no armour, amphibious, 8 rings, camouflage 1,
gelatinous body 1, (nimble swimmer 1), tentacles
a: Begin Untransformation


You were on level 2 of the Dungeon.
You were a hulking beast.
You visited 1 branch of the dungeon, and saw 2 of its levels.

You collected 152 gold pieces.

Inventory:

Jewellery
 d - a ring of fire (right tentacle)
 e - a ring of wizardry
 f - a ring of protection from cold (left tentacle)
Talismans
 b - a beast talisman
Scrolls
 c - a scroll of torment {unknown}
 h - 2 scrolls of noise {unknown}
 j - a scroll of enchant armour {unknown}
 k - a scroll of blinking {unknown}
 l - a scroll of identify {unknown}
Potions
 a - a potion of lignification
 g - 2 potions of mutation {unknown}
 i - a potion of invisibility {unknown}


   Skills:
 + Level 1.8 Fighting
 + Level 2.5 Dodging
 * Level 3.9 Unarmed Combat
 + Level 3.3 Shapeshifting


You had 3 spell levels left.
You didn't know any spells.
Your spell library was empty.

Dungeon Overview and Level Annotations

Branches:
Dungeon (2/15)

Altars:

Shops:
D:2 [


Innate Abilities, Weirdness & Mutations

You are a hulking beast.
Your limbs bulge with bestial killing power. (Slay +2)
You cannot wear most types of armour.
You are amphibious.
You can wear up to eight rings at the same time.
Your skin changes colour to match your surroundings (Stealth+).
Your rubbery body absorbs attacks. (AC +1, EV +1)
((You are camouflaged when in or above water. (Stealth+)))
You have tentacles for arms and can constrict up to eight enemies at once.


Message History

No target in view!
No target in view!
No target in view!
No target in view!
No target in view!
No target in view!
No target in view!
You see here 6 stones.
You see here 6 stones.
There is a stone staircase leading up here.
Partly explored, can't reach some items and places.
Partly explored, can't reach some items and places.
Partly explored, can't reach some items and places.
Partly explored, can't reach some items and places.
You feel more attuned to fire.
d - a ring of fire (right tentacle) Really walk into a travel-excluded area?
You are engulfed in blazing flames.
You resist.
You are engulfed in blazing flames.
You resist.
* * * LOW HITPOINT WARNING * * *
Found a scroll labelled QEATWA UCKUTIS.
You start resting.
HP restored.
You now have 132 gold pieces (gained 12).
You now have 142 gold pieces (gained 10).
You now have 151 gold pieces (gained 9).
You now have 152 gold pieces (gained 1).
Really walk into a travel-excluded area?
You are engulfed in blazing flames.
You resist.
You are engulfed in blazing flames.
You resist.
You are engulfed in blazing flames.
You resist.
* * * LOW HITPOINT WARNING * * *
h - 2 scrolls labelled QEATWA UCKUTIS (gained 1)
You start resting.
HP restored.
You are engulfed in blazing flames.
You resist.
You are engulfed in blazing flames.
You resist.
* * * LOW HITPOINT WARNING * * *
You are engulfed in blazing flames.
You resist.
You die...

##########
#........##
#.#####...# #.#
#☼§§# ##.# #.○☼#
#..# #§§○#
#.######...######
#...§.......h°§.#
#...§§§.....○§§.#
#.#..§......☼☼§.#
#.######...######
#####.## #§§§#
.......# #.§.#
###....# #..§#
###.#### #...##
....# ###..#####


There were no monsters in sight!

Vanquished Creatures
  2 adders (D:2)
  A worm (D:2)
  A dart slug (D:2)
  A ball python (D:1)
  8 endoplasms
  2 giant cockroaches (D:1)
  8 hobgoblins
  3 quokkas (D:2)
  4 bats (D:1)
  4 frilled lizards (D:1)
  2 goblins (D:2)
  7 rats
43 creatures vanquished.

Notes
Turn   | Place    | Note
-------+----------+-------------------------------------------
     0 | D:1      | LeprechaunX the Octopode Shapeshifter began the quest for
                  | the Orb.
     0 | D:1      | Reached XP level 1. HP: 13/13 MP: 1/1
   153 | D:1      | Reached XP level 2. HP: 15/18 MP: 2/2
   721 | D:1      | Reached XP level 3. HP: 18/23 MP: 3/3
  1210 | D:2      | Reached XP level 4. HP: 25/29 MP: 4/4
  1489 | D:2      | Found Juschec's Armour Shop.
  1853 | D:2      | Engulfed by a cloud of flame

Illustrated notes

Levels and vault maps discovered:
D:1:      shiori_shiawase, layout_loops_ring, minmay_hedge_maze,
          minmay_misc_feat_diagonals, roderic_serpentine_path
D:2:      layout_rooms, serial_shops, nicolae_shop_back_alley_shop,
          lemuel_flame_loot_1

Action                     |  1- 3 |  4- 6 || total
---------------------------+-------+-------++-------
  Melee: Unarmed           |    58 |     6 ||    64
         Tentacles         |    11 |     2 ||    13
         Constrict         |     8 |     2 ||    10
   Stab: Sleeping          |    10 |     1 ||    11
 Armour: Skin              |     6 |       ||     6
  Dodge: Dodged            |    22 |     1 ||    23

Table legend: (Time is in decaauts)
 A = Elapsed time spent in this place.
 B = Non-inter-level travel time spent in this place.
 C = Inter-level travel time spent in this place.
 D = Time resting spent in this place.
 E = Time spent auto-exploring this place.
 F = Levels seen in this place.
 G = Mean time per level.
                   A        B        C        D        E       F      G
               +--------+--------+--------+--------+--------+-----+--------+
         Total |   1847 |   1794 |     53 |    191 |   1323 |   2 |  923.5 |
       Dungeon |   1847 |   1794 |     53 |    191 |   1323 |   2 |  923.5 |
               +--------+--------+--------+--------+--------+-----+--------+

Top non-repeatable levels by time:
     D:1: 932 daAuts
     D:2: 914 daAuts
